[ AOE2 MATCH · #477666256 ]
UnrankedVikings vs Sicilians
Player's team · LOSS
[ REPLAY ANALYSIS · EXTRACTED FROM THE RECORDED GAME ]
Feudal
2:44
Castle
5:41
Imperial
12:52
| APM avg | 44.8 |
| APM peak | 122 |
| eAPM avg | 43.1 |
| Villagers / military | 301 / 296 |
Focus
⚔️ 25.8% · 🌾 74.2%
Berserk ×251 · Archer ×30 · Mangonel ×13 · Fishing Ship ×10 · Battering Ram ×2
Feudal
4:41
Castle
9:37
Imperial
12:27
| APM avg | 59.8 |
| APM peak | 714 |
| eAPM avg | 58.5 |
| Villagers / military | 55 / 87 |
Focus
⚔️ 5.2% · 🌾 94.8%
Knight ×83 · Mangonel ×2 · Trebuchet (Packed) ×2
Feudal
2:34
Castle
7:31
Imperial
15:41
| APM avg | 20.1 |
| APM peak | 68 |
| eAPM avg | 19.2 |
| Villagers / military | 43 / 134 |
Focus
⚔️ 37.3% · 🌾 62.7%
Leitis ×132 · Monk ×1 · Mangonel ×1
Feudal
1:46
Castle
4:48
Imperial
7:50
| APM avg | 31.7 |
| APM peak | 57 |
| eAPM avg | 22.0 |
| Villagers / military | 8 / 70 |
Focus
⚔️ 39.6% · 🌾 60.4%
Unknown (1254) ×320 · Militia ×65 · Mangonel ×5
Feudal
2:23
Castle
4:46
Imperial
9:07
| APM avg | 37.0 |
| APM peak | 129 |
| eAPM avg | 34.2 |
| Villagers / military | 9 / 464 |
Focus
⚔️ 25.4% · 🌾 74.6%
Ratha (Ranged) ×463 · Mangonel ×1
Feudal
5:33
Castle
8:11
Imperial
12:59
| APM avg | 137.7 |
| APM peak | 1843 |
| eAPM avg | 137.1 |
| Villagers / military | 25 / 26 |
Focus
⚔️ 0.9% · 🌾 99.1%
Longbowman ×25 · Trebuchet (Packed) ×1
Feudal
5:56
Castle
9:10
Imperial
12:47
| APM avg | 44.5 |
| APM peak | 86 |
| eAPM avg | 36.3 |
| Villagers / military | 124 / 245 |
Focus
⚔️ 26.2% · 🌾 73.8%
Camel Scout ×130 · Archer ×61 · Ghulam ×49 · Mangonel ×3 · Trebuchet (Packed) ×2
Feudal
4:47
Castle
8:35
Imperial
12:19
| APM avg | 48.8 |
| APM peak | 246 |
| eAPM avg | 43.9 |
| Villagers / military | 205 / 8 |
Focus
⚔️ 17.9% · 🌾 82.1%
Unknown (1660) ×51 · Fishing Ship ×18 · Throwing Axeman ×5 · Trebuchet (Packed) ×2 · Monk ×1
Match map
Initial resources + every placement click. Lines = walls · curves = elevation contours. ◆ gold · ⬟ stone · ● berries · ✦ relic · ◌ wall gap
Your base· ✓ Map-separated
aLEXt's base· ✓ Map-separated
Rita That One Væb Girl's base· ✓ Map-separated
Officer i cant breath's base· ✓ Map-separated
majorleyendo's base· ✓ Map-separated
Ye's base· ✓ Map-separated
菜神's base· ✓ Map-separated
田瘾犯了's base· ✓ Map-separated
Smoothed initial terrain · ◌ = detected wall gap · hover for details
Inputs per minute
— Beeveelution - - aLEXt
Build order — Beeveelution
First 150 of 496 actions detected
| 0:38 | Create | Villager (Male) ×5 |
| 0:41 | Build | House |
| 0:44 | Build | Lumber Camp |
| 1:25 | Build | Mill |
| 1:35 | Create | Villager (Male) |
| 1:40 | Research | Feudal Age |
| 1:54 | Build | Farm |
| 1:59 | Build | Farm |
| 2:23 | Create | Villager (Male) |
| 2:29 | Build | Farm |
| 2:44 | Build | Lumber Camp |
| 2:44 | Age | Feudal Age |
| 2:52 | Research | Wheelbarrow |
| 2:52 | Research | Tech 1699 |
| 2:53 | Research | Tech 1699 |
| 2:53 | Research | Tech 1700 |
| 2:59 | Create | Villager (Male) |
| 3:25 | Build | Farm |
| 3:29 | Build | Farm |
| 3:34 | Create | Villager (Male) |
| 3:55 | Build | Market |
| 3:57 | Build | Blacksmith |
| 4:21 | Build | Farm |
| 4:23 | Build | Farm |
| 4:24 | Build | Farm |
| 4:33 | Build | Lumber Camp |
| 4:37 | Research | Castle Age |
| 4:40 | Build | Lumber Camp |
| 4:53 | Create | Villager (Male) |
| 5:07 | Create | Villager (Male) |
| 5:25 | Build | Lumber Camp |
| 5:28 | Build | Lumber Camp |
| 5:34 | Create | Villager (Male) |
| 5:38 | Create | Villager (Male) |
| 5:41 | Age | Castle Age |
| 5:43 | Build | Town Center |
| 5:50 | Build | Town Center |
| 5:53 | Create | Villager (Male) |
| 5:53 | Create | Villager (Male) |
| 5:58 | Build | Farm |
| 5:59 | Build | Farm |
| 5:59 | Build | Farm |
| 5:59 | Build | Farm |
| 6:12 | Build | House |
| 6:15 | Build | Town Center |
| 6:16 | Create | Villager (Male) |
| 6:30 | Build | Town Center |
| 6:39 | Build | Town Center |
| 6:41 | Create | Villager (Male) |
| 6:41 | Create | Villager (Male) |
| 6:45 | Research | Hand Cart |
| 6:45 | Research | Hand Cart |
| 6:45 | Research | Tech 1715 |
| 6:46 | Research | Tech 1716 |
| 6:46 | Research | Tech 1716 |
| 6:52 | Build | House |
| 6:54 | Build | House |
| 7:00 | Build | Lumber Camp |
| 7:01 | Research | Double-Bit Axe |
| 7:01 | Research | Double-Bit Axe |
| 7:01 | Research | Tech 1687 |
| 7:02 | Research | Tech 1688 |
| 7:02 | Research | Tech 1688 |
| 7:12 | Create | Villager (Male) |
| 7:12 | Create | Villager (Male) |
| 7:13 | Create | Villager (Male) |
| 7:13 | Create | Villager (Male) |
| 7:14 | Create | Villager (Male) |
| 7:14 | Create | Villager (Male) |
| 7:15 | Create | Villager (Male) |
| 7:15 | Create | Villager (Male) |
| 7:15 | Create | Villager (Male) |
| 7:16 | Create | Villager (Male) |
| 7:16 | Create | Villager (Male) |
| 7:20 | Research | Town Watch |
| 7:21 | Research | Tech 1612 |
| 7:21 | Research | Tech 1612 |
| 7:21 | Research | Tech 1613 |
| 7:21 | Research | Tech 1613 |
| 7:23 | Create | Villager (Male) |
| 7:23 | Create | Villager (Male) |
| 7:26 | Create | Villager (Male) |
| 7:35 | Build | Town Center |
| 7:40 | Research | Bow Saw |
| 7:40 | Research | Tech 1691 |
| 7:41 | Research | Tech 1692 |
| 7:47 | Create | Villager (Male) ×5 |
| 7:53 | Research | Bow Saw |
| 7:54 | Research | Tech 1692 |
| 8:03 | Build | Town Center |
| 8:14 | Create | Villager (Male) ×5 |
| 8:20 | Create | Villager (Male) ×5 |
| 8:29 | Build | Town Center |
| 8:46 | Create | Villager (Male) ×5 |
| 8:49 | Build | Town Center |
| 8:53 | Build | Dock |
| 8:56 | Build | Dock |
| 9:05 | Create | Villager (Male) |
| 9:05 | Create | Villager (Male) |
| 9:12 | Build | Town Center |
| 9:20 | Build | Town Center |
| 9:29 | Create | Villager (Male) |
| 9:29 | Create | Villager (Male) |
| 9:32 | Build | Dock |
| 9:34 | Research | Tech 1960 |
| 9:35 | Research | Tech 1960 |
| 9:35 | Research | Tech 1961 |
| 9:35 | Research | Tech 1961 |
| 9:44 | Build | Dock |
| 9:46 | Create | Villager (Male) ×5 |
| 9:48 | Build | House |
| 9:49 | Build | House |
| 10:04 | Create | Villager (Male) ×5 |
| 10:12 | Build | Siege Workshop |
| 10:18 | Build | Town Center |
| 10:26 | Build | Market |
| 10:34 | Build | Dock |
| 10:37 | Create | Villager (Male) ×5 |
| 10:57 | Create | Villager (Male) ×5 |
| 11:14 | Create | Mangonel |
| 11:21 | Build | Monastery |
| 11:26 | Build | House |
| 11:28 | Create | Villager (Male) ×5 |
| 11:31 | Research | Imperial Age |
| 11:36 | Research | Imperial Age |
| 11:38 | Create | Villager (Male) ×5 |
| 11:42 | Create | Mangonel |
| 11:45 | Create | Mangonel |
| 11:45 | Create | Mangonel |
| 11:48 | Create | Villager (Male) ×5 |
| 11:50 | Build | House |
| 11:56 | Create | Villager (Male) ×5 |
| 11:59 | Build | Town Center |
| 12:02 | Build | Town Center |
| 12:07 | Build | House |
| 12:08 | Build | House |
| 12:09 | Build | House |
| 12:10 | Build | House |
| 12:25 | Build | Lumber Camp |
| 12:27 | Build | Lumber Camp |
| 12:31 | Build | Town Center |
| 12:39 | Build | Town Center |
| 12:45 | Build | Lumber Camp |
| 12:46 | Build | Lumber Camp |
| 12:52 | Create | Villager (Male) ×5 |
| 12:52 | Age | Imperial Age |
| 12:55 | Build | Town Center |
| 12:56 | Research | Onager (upgrade) |
| 12:57 | Create | Mangonel |
| 12:57 | Create | Mangonel |
Build order — aLEXt
First 150 of 219 actions detected
| 0:06 | Create | Villager (Male) ×5 |
| 0:15 | Build | House |
| 0:20 | Build | Mill |
| 0:47 | Build | Farm |
| 0:49 | Build | Farm |
| 1:11 | Create | Villager (Male) |
| 1:12 | Create | Villager (Male) |
| 1:31 | Build | Lumber Camp |
| 1:58 | Build | Farm |
| 2:20 | Build | Farm |
| 2:32 | Build | Farm |
| 2:43 | Create | Villager (Male) |
| 3:05 | Build | Farm |
| 3:10 | Create | Villager (Male) |
| 3:18 | Build | Farm |
| 3:19 | Build | Farm |
| 3:32 | Build | Farm |
| 3:39 | Research | Feudal Age |
| 4:27 | Create | Villager (Male) |
| 4:41 | Age | Feudal Age |
| 4:46 | Create | Villager (Male) |
| 4:49 | Research | Tech 1625 |
| 4:50 | Research | Tech 1624 |
| 4:50 | Research | Tech 1624 |
| 4:51 | Research | Horse Collar |
| 5:01 | Build | Market |
| 5:09 | Research | Double-Bit Axe |
| 5:12 | Research | Tech 1687 |
| 5:20 | Research | Tech 1688 |
| 5:39 | Create | Villager (Male) ×5 |
| 5:52 | Build | Farm |
| 6:06 | Build | Blacksmith |
| 6:37 | Build | Farm |
| 6:42 | Create | Villager (Male) |
| 6:43 | Create | Villager (Male) |
| 6:44 | Create | Villager (Male) |
| 6:44 | Create | Villager (Male) |
| 6:45 | Create | Villager (Male) |
| 8:23 | Research | Castle Age |
| 9:37 | Age | Castle Age |
| 9:43 | Build | Castle |
| 9:54 | Build | Lumber Camp |
| 10:01 | Research | First Crusade |
| 10:38 | Create | Villager (Male) |
| 10:39 | Create | Villager (Male) |
| 11:00 | Build | Siege Workshop |
| 11:11 | Research | Imperial Age |
| 11:59 | Research | Loom |
| 12:00 | Research | Tech 1628 |
| 12:00 | Research | Tech 1629 |
| 12:01 | Research | Tech 1629 |
| 12:02 | Create | Villager (Male) ×5 |
| 12:02 | Create | Villager (Male) ×5 |
| 12:03 | Create | Villager (Male) |
| 12:03 | Create | Villager (Male) |
| 12:27 | Age | Imperial Age |
| 12:28 | Research | Guilds |
| 12:56 | Research | Coinage |
| 13:48 | Research | Banking |
| 15:38 | Research | Spies/Treason |
| 15:43 | Research | First Crusade |
| 16:04 | Build | Town Center |
| 16:09 | Research | Tech 1623 |
| 16:10 | Research | Tech 1622 |
| 16:10 | Research | Heavy Plow |
| 16:12 | Research | Tech 1621 |
| 16:13 | Research | Tech 1620 |
| 16:14 | Research | Crop Rotation |
| 16:14 | Research | Crop Rotation |
| 16:23 | Build | Farm |
| 16:35 | Research | Hauberk |
| 16:35 | Research | Tech 1848 |
| 16:36 | Research | Tech 1849 |
| 16:37 | Research | Elite Serjeant (upgrade) |
| 16:39 | Research | Conscription |
| 16:39 | Research | Tech 1733 |
| 16:40 | Research | Tech 1734 |
| 16:46 | Research | Bow Saw |
| 16:46 | Research | Tech 1691 |
| 16:47 | Research | Tech 1692 |
| 16:54 | Create | Mangonel |
| 16:55 | Create | Mangonel |
| 16:55 | Research | Onager (upgrade) |
| 17:33 | Research | First Crusade |
| 17:45 | Research | Town Watch |
| 17:46 | Research | Tech 1612 |
| 17:46 | Research | Tech 1612 |
| 17:46 | Research | Tech 1613 |
| 18:20 | Create | Trebuchet (Packed) |
| 18:21 | Create | Trebuchet (Packed) |
| 18:42 | Build | University |
| 18:54 | Build | Blacksmith |
| 18:55 | Build | Blacksmith |
| 19:07 | Build | Donjon |
| 19:22 | Research | Ballistics |
| 19:23 | Research | Siege Engineers |
| 19:28 | Research | Fletching |
| 19:40 | Build | Farm |
| 19:41 | Build | Farm |
| 19:41 | Build | Farm |
| 19:42 | Build | Farm |
| 19:42 | Build | Farm |
| 19:42 | Build | Farm |
| 20:23 | Build | Town Center |
| 20:29 | Build | Donjon |
| 20:30 | Build | Donjon |
| 20:30 | Build | Donjon |
| 20:31 | Build | Donjon |
| 20:31 | Build | Donjon |
| 20:31 | Build | Donjon |
| 20:32 | Build | Donjon |
| 20:32 | Build | Donjon |
| 20:44 | Research | Tech 1651 |
| 20:50 | Research | Bodkin Arrow |
| 20:51 | Research | Tech 1681 |
| 20:52 | Research | Tech 1682 |
| 20:53 | Research | Tech 1683 |
| 21:12 | Build | Farm |
| 21:12 | Build | Farm |
| 21:12 | Build | Farm |
| 21:13 | Build | Farm |
| 21:13 | Build | Farm |
| 21:13 | Build | Farm |
| 21:14 | Build | Farm |
| 21:14 | Build | Farm |
| 21:47 | Build | Town Center |
| 21:50 | Research | Tech 1846 |
| 22:04 | Research | Tech 1847 |
| 22:33 | Build | Donjon |
| 22:34 | Build | Donjon |
| 23:29 | Build | Farm |
| 23:29 | Build | Farm |
| 23:29 | Build | Farm |
| 23:30 | Build | Farm |
| 23:30 | Build | Farm |
| 23:30 | Build | Farm |
| 23:31 | Build | Farm |
| 23:31 | Build | Farm |
| 23:31 | Build | Farm |
| 23:32 | Build | Farm |
| 23:32 | Build | Farm |
| 23:32 | Build | Farm |
| 23:42 | Build | Stable |
| 23:43 | Build | Stable |
| 23:45 | Build | Stable |
| 23:49 | Research | Bracer |
| 23:49 | Research | Tech 1684 |
| 23:50 | Research | Tech 1685 |
| 23:50 | Research | Tech 1686 |
| 23:55 | Research | Tech 1652 |
Build order — Rita That One Væb Girl
First 150 of 366 actions detected
| 0:05 | Build | Lumber Camp |
| 0:11 | Build | House |
| 0:53 | Create | Villager (Male) ×5 |
| 0:53 | Create | Villager (Male) |
| 1:13 | Build | Mill |
| 1:36 | Research | Feudal Age |
| 1:38 | Build | Farm |
| 1:46 | Create | Villager (Male) ×5 |
| 1:46 | Create | Villager (Male) ×5 |
| 1:46 | Create | Villager (Male) ×5 |
| 1:46 | Create | Villager (Male) ×2 |
| 2:34 | Age | Feudal Age |
| 2:37 | Build | Farm |
| 2:42 | Research | Double-Bit Axe |
| 2:42 | Research | Double-Bit Axe |
| 2:43 | Research | Tech 1687 |
| 2:43 | Research | Tech 1687 |
| 2:43 | Research | Tech 1688 |
| 3:00 | Build | Farm |
| 3:11 | Research | Town Watch |
| 3:11 | Research | Town Watch |
| 3:12 | Research | Tech 1612 |
| 3:12 | Research | Tech 1612 |
| 3:13 | Research | Tech 1613 |
| 3:19 | Build | Farm |
| 3:33 | Build | Farm |
| 3:42 | Build | Farm |
| 3:47 | Build | Farm |
| 3:57 | Build | Farm |
| 5:01 | Research | Wheelbarrow |
| 5:01 | Research | Wheelbarrow |
| 5:02 | Research | Tech 1699 |
| 5:02 | Research | Tech 1699 |
| 5:03 | Research | Tech 1700 |
| 5:03 | Research | Tech 1700 |
| 6:02 | Build | Market |
| 6:11 | Build | Blacksmith |
| 6:27 | Research | Castle Age |
| 6:35 | Build | Mill |
| 6:52 | Build | Lumber Camp |
| 7:31 | Age | Castle Age |
| 7:41 | Build | Town Center |
| 7:52 | Build | Town Center |
| 8:37 | Research | Bow Saw |
| 8:37 | Research | Bow Saw |
| 8:37 | Research | Tech 1691 |
| 8:38 | Research | Tech 1691 |
| 8:38 | Research | Tech 1692 |
| 8:38 | Research | Tech 1692 |
| 8:46 | Build | Town Center |
| 9:07 | Research | Hand Cart |
| 9:07 | Research | Hand Cart |
| 9:07 | Research | Tech 1715 |
| 9:08 | Research | Tech 1715 |
| 9:08 | Research | Tech 1715 |
| 9:08 | Research | Tech 1716 |
| 9:08 | Research | Tech 1716 |
| 9:09 | Research | Town Patrol |
| 9:10 | Research | Town Patrol |
| 9:15 | Research | Loom |
| 9:16 | Research | Loom |
| 9:16 | Research | Tech 1628 |
| 9:17 | Research | Tech 1628 |
| 9:17 | Research | Tech 1628 |
| 9:17 | Research | Tech 1629 |
| 9:18 | Research | Tech 1629 |
| 9:45 | Build | Farm |
| 9:57 | Build | Lumber Camp |
| 10:18 | Build | Town Center |
| 10:31 | Build | Farm |
| 11:11 | Build | Mining Camp |
| 11:20 | Build | Lumber Camp |
| 11:24 | Research | Stone Mining |
| 11:24 | Research | Stone Mining |
| 11:25 | Research | Tech 1723 |
| 11:25 | Research | Tech 1723 |
| 11:26 | Research | Tech 1724 |
| 11:26 | Research | Tech 1724 |
| 11:27 | Research | Gold Mining |
| 11:28 | Research | Gold Mining |
| 11:28 | Research | Tech 1653 |
| 11:28 | Research | Tech 1653 |
| 11:29 | Research | Tech 1654 |
| 11:29 | Research | Tech 1654 |
| 11:48 | Build | Monastery |
| 12:04 | Create | Monk |
| 12:21 | Build | House |
| 12:51 | Build | Castle |
| 13:42 | Build | Lumber Camp |
| 13:48 | Build | Barracks |
| 14:04 | Research | Stone Shaft Mining |
| 14:04 | Research | Stone Shaft Mining |
| 14:04 | Research | Tech 1727 |
| 14:05 | Research | Tech 1727 |
| 14:05 | Research | Tech 1728 |
| 14:06 | Research | Tech 1677 |
| 14:06 | Research | Tech 1677 |
| 14:07 | Research | Tech 1678 |
| 14:07 | Research | Tech 1678 |
| 14:07 | Research | Tech 1678 |
| 14:25 | Research | Imperial Age |
| 14:29 | Research | Hill Forts |
| 14:48 | Research | Tech 1838 |
| 14:48 | Research | Tech 1838 |
| 14:48 | Research | Tech 1839 |
| 14:49 | Research | Tech 1839 |
| 14:55 | Build | Stable |
| 15:00 | Research | Forging |
| 15:00 | Research | Forging |
| 15:01 | Research | Tech 1661 |
| 15:01 | Research | Tech 1661 |
| 15:01 | Research | Tech 1661 |
| 15:02 | Research | Tech 1662 |
| 15:02 | Research | Tech 1662 |
| 15:04 | Research | Scale Mail Armor |
| 15:05 | Research | Iron Casting |
| 15:05 | Research | Iron Casting |
| 15:05 | Research | Tech 1869 |
| 15:06 | Research | Tech 1869 |
| 15:06 | Research | Tech 1870 |
| 15:06 | Research | Tech 1870 |
| 15:10 | Research | Chain Mail Armor |
| 15:10 | Research | Chain Mail Armor |
| 15:11 | Research | Tech 1663 |
| 15:11 | Research | Tech 1663 |
| 15:11 | Research | Tech 1664 |
| 15:12 | Research | Tech 1664 |
| 15:12 | Research | Tech 1667 |
| 15:12 | Research | Tech 1667 |
| 15:13 | Research | Tech 1668 |
| 15:13 | Research | Tech 1668 |
| 15:22 | Research | Husbandry |
| 15:22 | Research | Husbandry |
| 15:22 | Research | Tech 1634 |
| 15:23 | Research | Tech 1634 |
| 15:23 | Research | Tech 1635 |
| 15:23 | Research | Tech 1635 |
| 15:24 | Research | Bloodlines |
| 15:25 | Research | Bloodlines |
| 15:25 | Research | Tech 1749 |
| 15:25 | Research | Tech 1749 |
| 15:26 | Research | Tech 1750 |
| 15:26 | Research | Tech 1750 |
| 15:32 | Research | Scale Barding Armor |
| 15:33 | Research | Scale Barding Armor |
| 15:33 | Research | Tech 1871 |
| 15:33 | Research | Tech 1871 |
| 15:34 | Research | Tech 1872 |
| 15:34 | Research | Tech 1872 |
| 15:35 | Research | Chain Barding Armor |
Build order — Officer i cant breath
First 150 of 357 actions detected
| 0:04 | Build | Lumber Camp |
| 0:05 | Create | Villager (Male) |
| 0:05 | Create | Villager (Male) |
| 0:05 | Create | Villager (Male) |
| 0:13 | Build | Mill |
| 0:16 | Create | Villager (Male) |
| 0:17 | Create | Villager (Male) |
| 0:42 | Research | Feudal Age |
| 0:57 | Build | House |
| 1:44 | Create | Villager (Male) |
| 1:45 | Create | Villager (Male) |
| 1:45 | Create | Villager (Male) |
| 1:46 | Age | Feudal Age |
| 1:47 | Research | Double-Bit Axe |
| 1:47 | Research | Tech 1687 |
| 1:48 | Research | Tech 1688 |
| 1:48 | Research | Tech 1688 |
| 1:51 | Research | Wheelbarrow |
| 1:52 | Research | Wheelbarrow |
| 1:52 | Research | Tech 1699 |
| 1:52 | Research | Tech 1699 |
| 1:53 | Research | Tech 1700 |
| 1:53 | Research | Tech 1700 |
| 2:41 | Build | Town Center |
| 2:53 | Build | Blacksmith |
| 3:01 | Build | Market |
| 3:28 | Build | Town Center |
| 3:44 | Research | Castle Age |
| 4:05 | Research | Forging |
| 4:06 | Research | Scale Barding Armor |
| 4:06 | Research | Forging |
| 4:06 | Research | Scale Barding Armor |
| 4:06 | Research | Tech 1661 |
| 4:06 | Research | Tech 1871 |
| 4:06 | Research | Tech 1661 |
| 4:06 | Research | Tech 1871 |
| 4:07 | Research | Tech 1662 |
| 4:07 | Research | Tech 1872 |
| 4:07 | Research | Tech 1872 |
| 4:07 | Research | Tech 1662 |
| 4:13 | Build | Barracks |
| 4:41 | Build | Stable |
| 4:48 | Age | Castle Age |
| 4:57 | Build | Town Center |
| 5:04 | Build | Town Center |
| 5:23 | Research | Town Watch |
| 5:23 | Research | Town Watch |
| 5:23 | Research | Tech 1612 |
| 5:24 | Research | Tech 1612 |
| 5:24 | Research | Tech 1613 |
| 5:33 | Research | Wheelbarrow |
| 5:34 | Research | Wheelbarrow |
| 5:34 | Research | Tech 1699 |
| 5:34 | Research | Hand Cart |
| 5:35 | Research | Hand Cart |
| 5:35 | Research | Tech 1700 |
| 5:35 | Research | Tech 1700 |
| 5:35 | Research | Tech 1715 |
| 5:36 | Research | Tech 1716 |
| 5:36 | Research | Tech 1716 |
| 5:42 | Research | Iron Casting |
| 5:43 | Research | Chain Barding Armor |
| 5:57 | Build | Siege Workshop |
| 6:04 | Build | Monastery |
| 6:06 | Create | Mangonel |
| 6:08 | Create | Mangonel |
| 6:19 | Build | Town Center |
| 6:30 | Research | Bow Saw |
| 6:30 | Research | Tech 1691 |
| 6:31 | Research | Tech 1691 |
| 6:31 | Research | Tech 1692 |
| 6:34 | Research | Imperial Age |
| 6:36 | Create | Mangonel |
| 6:44 | Build | Lumber Camp |
| 7:50 | Age | Imperial Age |
| 7:57 | Research | Onager (upgrade) |
| 8:01 | Research | Town Patrol |
| 8:08 | Build | Town Center |
| 8:13 | Build | Town Center |
| 8:44 | Build | Mining Camp |
| 8:46 | Build | Mining Camp |
| 9:27 | Build | Lumber Camp |
| 9:31 | Build | Lumber Camp |
| 9:35 | Research | Tech 1705 |
| 9:35 | Research | Tech 1705 |
| 9:35 | Research | Tech 1706 |
| 9:53 | Research | Gold Mining |
| 9:53 | Research | Stone Mining |
| 9:53 | Research | Tech 1653 |
| 9:53 | Research | Tech 1723 |
| 9:54 | Research | Tech 1654 |
| 9:54 | Research | Tech 1723 |
| 9:54 | Research | Tech 1654 |
| 9:54 | Research | Tech 1724 |
| 9:54 | Research | Tech 1724 |
| 9:57 | Build | Mining Camp |
| 10:11 | Research | Husbandry |
| 10:11 | Research | Husbandry |
| 10:11 | Research | Tech 1634 |
| 10:12 | Research | Tech 1634 |
| 10:12 | Research | Tech 1635 |
| 10:12 | Research | Tech 1635 |
| 10:13 | Research | Bloodlines |
| 10:47 | Build | Blacksmith |
| 10:50 | Build | Mining Camp |
| 11:01 | Build | Castle |
| 11:13 | Build | Outpost |
| 11:15 | Build | Outpost |
| 11:45 | Build | Krepost |
| 11:46 | Build | Krepost |
| 11:48 | Build | Krepost |
| 11:57 | Research | Elite Konnik (upgrade) |
| 12:10 | Build | Town Center |
| 12:12 | Build | Town Center |
| 12:14 | Build | Town Center |
| 12:15 | Build | Town Center |
| 12:17 | Build | Town Center |
| 12:20 | Build | Town Center |
| 12:23 | Build | Town Center |
| 12:27 | Research | Blast Furnace |
| 12:28 | Research | Plate Barding Armor |
| 12:28 | Research | Blast Furnace |
| 12:28 | Research | Tech 1665 |
| 12:28 | Research | Tech 1671 |
| 12:28 | Research | Tech 1665 |
| 12:29 | Research | Tech 1671 |
| 12:29 | Research | Tech 1666 |
| 12:29 | Research | Tech 1672 |
| 12:29 | Research | Tech 1869 |
| 12:29 | Research | Tech 1672 |
| 12:29 | Research | Tech 1869 |
| 12:29 | Research | Tech 1673 |
| 12:30 | Research | Tech 1870 |
| 12:30 | Research | Tech 1870 |
| 12:30 | Research | Tech 1674 |
| 12:30 | Research | Tech 1674 |
| 12:34 | Research | Bagains |
| 12:35 | Research | Bagains |
| 12:38 | Research | Stirrups |
| 12:38 | Research | Stirrups |
| 12:38 | Research | Tech 1826 |
| 12:39 | Research | Tech 1826 |
| 12:39 | Research | Tech 1827 |
| 12:39 | Research | Tech 1827 |
| 12:50 | Build | Outpost |
| 12:51 | Build | Outpost |
| 13:05 | Research | Tech 1749 |
| 13:05 | Research | Tech 1749 |
| 13:05 | Research | Tech 1750 |
| 13:05 | Research | Tech 1750 |
Build order — majorleyendo
First 150 of 468 actions detected
| 0:09 | Build | House |
| 0:11 | Build | Mill |
| 0:17 | Create | Villager (Male) ×5 |
| 0:37 | Build | Farm |
| 1:19 | Build | Lumber Camp |
| 1:28 | Research | Feudal Age |
| 1:28 | Research | Feudal Age |
| 2:07 | Create | Villager (Male) |
| 2:08 | Create | Villager (Male) |
| 2:08 | Create | Villager (Male) |
| 2:08 | Create | Villager (Male) |
| 2:23 | Age | Feudal Age |
| 2:25 | Build | Market |
| 2:51 | Research | Wheelbarrow |
| 2:51 | Research | Tech 1699 |
| 2:52 | Research | Tech 1699 |
| 2:52 | Research | Tech 1700 |
| 2:52 | Research | Tech 1700 |
| 2:52 | Research | Tech 1700 |
| 3:23 | Build | Blacksmith |
| 3:42 | Research | Castle Age |
| 4:06 | Research | Double-Bit Axe |
| 4:06 | Research | Double-Bit Axe |
| 4:27 | Research | Tech 1687 |
| 4:27 | Research | Tech 1687 |
| 4:36 | Build | Farm |
| 4:39 | Build | Farm |
| 4:42 | Build | Lumber Camp |
| 4:46 | Age | Castle Age |
| 4:51 | Build | Lumber Camp |
| 4:55 | Build | Lumber Camp |
| 5:07 | Research | Bow Saw |
| 5:08 | Research | Bow Saw |
| 5:11 | Research | Hand Cart |
| 5:11 | Research | Hand Cart |
| 5:12 | Research | Tech 1715 |
| 5:12 | Research | Tech 1715 |
| 5:12 | Research | Tech 1716 |
| 5:13 | Research | Tech 1716 |
| 5:27 | Research | Tech 1688 |
| 5:36 | Build | Lumber Camp |
| 5:57 | Research | Tech 1691 |
| 5:57 | Research | Tech 1691 |
| 6:24 | Build | Town Center |
| 6:36 | Build | Town Center |
| 6:43 | Build | Town Center |
| 6:52 | Build | Town Center |
| 7:35 | Build | Siege Workshop |
| 7:42 | Build | Monastery |
| 7:51 | Research | Imperial Age |
| 7:52 | Research | Imperial Age |
| 8:10 | Build | Lumber Camp |
| 8:38 | Create | Mangonel |
| 8:56 | Build | Lumber Camp |
| 8:58 | Build | Lumber Camp |
| 9:07 | Age | Imperial Age |
| 9:12 | Research | Town Watch |
| 9:13 | Research | Town Watch |
| 9:13 | Research | Town Watch |
| 9:14 | Research | Tech 1612 |
| 9:14 | Research | Tech 1612 |
| 9:14 | Research | Tech 1612 |
| 9:15 | Research | Tech 1613 |
| 9:15 | Research | Tech 1613 |
| 9:28 | Build | Lumber Camp |
| 9:33 | Build | Lumber Camp |
| 9:45 | Build | Lumber Camp |
| 9:50 | Research | Tech 1625 |
| 9:50 | Research | Tech 1625 |
| 9:50 | Research | Tech 1624 |
| 9:51 | Research | Tech 1624 |
| 9:51 | Research | Horse Collar |
| 9:51 | Research | Horse Collar |
| 9:56 | Build | Mining Camp |
| 10:02 | Build | Lumber Camp |
| 10:10 | Build | Market |
| 10:18 | Build | Monastery |
| 10:25 | Build | University |
| 10:38 | Research | Guilds |
| 10:42 | Research | Treadmill Crane |
| 10:42 | Research | Treadmill Crane |
| 10:42 | Research | Masonry |
| 10:43 | Research | Treadmill Crane |
| 10:43 | Research | Masonry |
| 10:43 | Research | Tech 1651 |
| 10:43 | Research | Tech 1651 |
| 10:43 | Research | Tech 1652 |
| 10:44 | Research | Tech 1652 |
| 10:49 | Research | Ballistics |
| 10:49 | Research | Ballistics |
| 10:50 | Research | Chemistry |
| 10:50 | Research | Chemistry |
| 10:51 | Research | Tech 1640 |
| 10:51 | Research | Tech 1640 |
| 10:52 | Research | Tech 1641 |
| 10:52 | Research | Tech 1641 |
| 10:52 | Research | Tech 1641 |
| 10:53 | Research | Siege Engineers |
| 10:53 | Research | Siege Engineers |
| 10:53 | Research | Tech 1743 |
| 10:54 | Research | Tech 1743 |
| 10:54 | Research | Tech 1744 |
| 10:54 | Research | Tech 1744 |
| 11:01 | Research | Onager (upgrade) |
| 11:03 | Research | Siege Elephant (upgrade) |
| 11:04 | Research | Heavy Scorpion (upgrade) |
| 11:10 | Build | Lumber Camp |
| 11:13 | Build | Lumber Camp |
| 11:15 | Build | Lumber Camp |
| 11:18 | Build | Lumber Camp |
| 11:21 | Build | Lumber Camp |
| 11:25 | Build | Mining Camp |
| 11:51 | Build | Lumber Camp |
| 11:59 | Build | Castle |
| 12:05 | Build | Barracks |
| 12:08 | Build | Lumber Camp |
| 12:18 | Build | Lumber Camp |
| 12:25 | Build | Archery Range |
| 12:27 | Build | Stable |
| 12:31 | Build | Blacksmith |
| 12:31 | Build | Blacksmith |
| 12:32 | Build | Blacksmith |
| 12:32 | Build | Blacksmith |
| 12:33 | Build | Blacksmith |
| 12:33 | Build | Blacksmith |
| 12:34 | Build | Blacksmith |
| 12:34 | Build | Blacksmith |
| 12:34 | Build | Blacksmith |
| 12:34 | Build | Blacksmith |
| 12:40 | Build | Lumber Camp |
| 12:45 | Research | Two-Man Saw |
| 12:45 | Research | Two-Man Saw |
| 12:45 | Research | Two-Man Saw |
| 12:46 | Research | Tech 1692 |
| 12:46 | Research | Tech 1692 |
| 12:46 | Research | Tech 1692 |
| 12:47 | Research | Tech 1705 |
| 12:47 | Research | Tech 1705 |
| 12:47 | Research | Tech 1705 |
| 12:47 | Research | Tech 1706 |
| 12:48 | Research | Tech 1706 |
| 12:57 | Research | Elite Ratha (upgrade) |
| 12:57 | Research | Elite Ratha (upgrade) |
| 12:58 | Research | Elite Ratha (upgrade) |
| 13:11 | Research | Paiks |
| 13:12 | Research | Paiks |
| 13:12 | Research | Paiks |
| 13:12 | Research | Tech 1854 |
| 13:13 | Research | Mahayana |
| 13:14 | Research | Tech 1855 |
Build order — Ye
86 actions detected in the replay
| 0:06 | Build | Mill |
| 0:08 | Create | Villager (Male) |
| 0:08 | Create | Villager (Male) |
| 0:11 | Build | House |
| 0:20 | Create | Villager (Male) |
| 0:21 | Create | Villager (Male) |
| 0:21 | Create | Villager (Male) |
| 0:28 | Build | Farm |
| 0:29 | Create | Villager (Male) |
| 0:29 | Create | Villager (Male) |
| 0:30 | Create | Villager (Male) |
| 0:30 | Create | Villager (Male) |
| 0:31 | Create | Villager (Male) |
| 0:31 | Create | Villager (Male) |
| 0:32 | Create | Villager (Male) |
| 0:37 | Create | Villager (Male) |
| 0:38 | Create | Villager (Male) |
| 0:39 | Create | Villager (Male) |
| 1:27 | Build | Farm |
| 1:30 | Create | Villager (Male) |
| 1:31 | Create | Villager (Male) |
| 1:42 | Create | Villager (Male) |
| 1:46 | Build | Farm |
| 1:52 | Build | Farm |
| 1:54 | Create | Villager (Male) |
| 2:13 | Build | Farm |
| 2:42 | Build | Farm |
| 3:08 | Build | Farm |
| 4:11 | Build | Lumber Camp |
| 4:31 | Research | Feudal Age |
| 5:33 | Age | Feudal Age |
| 5:37 | Build | Market |
| 6:17 | Create | Villager (Male) |
| 6:18 | Create | Villager (Male) |
| 6:34 | Build | Blacksmith |
| 6:50 | Research | Castle Age |
| 6:53 | Research | Double-Bit Axe |
| 7:17 | Research | Tech 1687 |
| 7:32 | Research | Tech 1688 |
| 8:11 | Age | Castle Age |
| 8:15 | Research | Town Watch |
| 8:15 | Research | Tech 1612 |
| 10:04 | Create | Villager (Male) |
| 10:04 | Create | Villager (Male) |
| 10:05 | Create | Villager (Male) |
| 10:05 | Create | Villager (Male) |
| 11:23 | Build | Castle |
| 11:40 | Build | Lumber Camp |
| 11:41 | Research | Imperial Age |
| 12:59 | Age | Imperial Age |
| 12:59 | Research | Guilds |
| 13:03 | Research | Coinage |
| 13:50 | Research | Banking |
| 14:10 | Research | Warwolf |
| 14:13 | Research | Spies/Treason |
| 14:13 | Research | Tech 1766 |
| 14:15 | Research | Conscription |
| 14:15 | Research | Tech 1733 |
| 14:16 | Research | Loom |
| 14:17 | Research | Tech 1628 |
| 14:17 | Research | Tech 1629 |
| 14:19 | Research | Bow Saw |
| 14:46 | Build | Castle |
| 15:02 | Build | Stone Wall |
| 15:08 | Research | Elite Longbowman (upgrade) |
| 15:09 | Research | Tech 1734 |
| 15:11 | Research | Yeomen |
| 15:11 | Research | Tech 1604 |
| 15:14 | Build | Stone Wall |
| 15:26 | Build | Siege Workshop |
| 15:29 | Build | Stone Wall |
| 15:35 | Build | Stone Wall |
| 15:37 | Create | Longbowman ×5 |
| 15:38 | Create | Longbowman ×5 |
| 15:38 | Create | Longbowman ×5 |
| 15:39 | Create | Longbowman ×5 |
| 15:39 | Create | Longbowman ×5 |
| 15:40 | Research | Tech 1605 |
| 15:44 | Build | Stone Wall |
| 15:52 | Build | Stone Wall |
| 15:59 | Create | Trebuchet (Packed) |
| 16:04 | Build | Stone Wall |
| 16:16 | Build | Stone Wall |
| 16:26 | Build | Stone Wall |
| 16:51 | Build | Stone Wall |
| 16:55 | Build | Stone Wall |
Build order — 菜神
First 150 of 537 actions detected
| 0:06 | Create | Villager (Male) |
| 0:07 | Create | Villager (Male) |
| 0:07 | Create | Villager (Male) |
| 0:08 | Create | Villager (Male) |
| 0:08 | Create | Villager (Male) |
| 0:08 | Create | Villager (Male) |
| 0:14 | Build | House |
| 0:15 | Create | Villager (Male) |
| 0:15 | Create | Villager (Male) |
| 0:16 | Create | Villager (Male) |
| 0:16 | Create | Villager (Male) |
| 0:16 | Create | Villager (Male) |
| 0:20 | Create | Villager (Male) |
| 0:21 | Create | Villager (Male) |
| 0:21 | Create | Villager (Male) |
| 0:40 | Build | Mill |
| 0:49 | Create | Villager (Male) |
| 0:50 | Create | Villager (Male) |
| 0:50 | Create | Villager (Male) |
| 0:51 | Create | Villager (Male) |
| 1:01 | Build | Lumber Camp |
| 1:03 | Create | Villager (Male) |
| 1:03 | Create | Villager (Male) |
| 1:14 | Build | Farm |
| 1:22 | Create | Villager (Male) |
| 1:22 | Create | Villager (Male) |
| 1:23 | Create | Villager (Male) |
| 1:49 | Create | Villager (Male) |
| 1:49 | Create | Villager (Male) |
| 1:50 | Create | Villager (Male) |
| 1:58 | Build | Farm |
| 2:06 | Build | Farm |
| 2:13 | Create | Villager (Male) |
| 2:14 | Create | Villager (Male) |
| 2:14 | Create | Villager (Male) |
| 2:14 | Create | Villager (Male) |
| 2:15 | Create | Villager (Male) |
| 2:37 | Create | Villager (Male) |
| 2:37 | Create | Villager (Male) |
| 2:38 | Create | Villager (Male) |
| 3:41 | Create | Villager (Male) |
| 3:41 | Create | Villager (Male) |
| 3:51 | Build | Farm |
| 3:57 | Build | Farm |
| 4:03 | Build | Farm |
| 4:14 | Build | Farm |
| 4:19 | Build | Farm |
| 4:31 | Build | Farm |
| 4:40 | Build | Farm |
| 4:47 | Build | Farm |
| 4:57 | Research | Feudal Age |
| 5:04 | Build | Mill |
| 5:56 | Age | Feudal Age |
| 6:02 | Research | Town Watch |
| 6:03 | Research | Town Watch |
| 6:03 | Research | Town Watch |
| 6:03 | Research | Tech 1612 |
| 6:04 | Research | Tech 1612 |
| 6:23 | Create | Villager (Male) |
| 6:23 | Create | Villager (Male) |
| 6:23 | Create | Villager (Male) |
| 6:24 | Create | Villager (Male) |
| 6:24 | Create | Villager (Male) |
| 6:24 | Create | Villager (Male) |
| 6:25 | Create | Villager (Male) |
| 6:26 | Create | Villager (Male) |
| 6:26 | Create | Villager (Male) |
| 6:28 | Research | Tech 1625 |
| 6:28 | Research | Tech 1625 |
| 6:29 | Research | Tech 1625 |
| 6:29 | Research | Tech 1625 |
| 6:29 | Research | Tech 1625 |
| 6:30 | Research | Tech 1625 |
| 6:30 | Research | Tech 1625 |
| 6:30 | Research | Tech 1625 |
| 6:30 | Research | Tech 1625 |
| 6:31 | Research | Tech 1624 |
| 6:31 | Research | Tech 1624 |
| 6:31 | Research | Tech 1624 |
| 6:32 | Research | Tech 1624 |
| 6:32 | Research | Tech 1624 |
| 6:33 | Research | Horse Collar |
| 6:33 | Research | Horse Collar |
| 6:33 | Research | Horse Collar |
| 6:36 | Create | Villager (Male) |
| 6:37 | Create | Villager (Male) |
| 6:37 | Create | Villager (Male) |
| 6:38 | Create | Villager (Male) |
| 7:29 | Build | Market |
| 7:38 | Build | Blacksmith |
| 7:59 | Research | Castle Age |
| 8:06 | Research | Castle Age |
| 8:07 | Research | Castle Age |
| 8:07 | Research | Castle Age |
| 8:13 | Research | Double-Bit Axe |
| 8:13 | Research | Double-Bit Axe |
| 8:13 | Research | Double-Bit Axe |
| 8:14 | Research | Double-Bit Axe |
| 8:14 | Research | Double-Bit Axe |
| 8:14 | Research | Tech 1687 |
| 8:15 | Research | Tech 1687 |
| 8:15 | Research | Tech 1687 |
| 8:15 | Research | Tech 1687 |
| 8:16 | Research | Tech 1687 |
| 8:16 | Research | Tech 1688 |
| 8:16 | Research | Tech 1688 |
| 8:17 | Research | Tech 1688 |
| 9:07 | Build | Mining Camp |
| 9:10 | Age | Castle Age |
| 9:20 | Build | Mill |
| 9:29 | Build | Castle |
| 9:42 | Create | Villager (Male) |
| 9:42 | Create | Villager (Male) |
| 9:43 | Create | Villager (Male) |
| 9:43 | Create | Villager (Male) |
| 9:43 | Create | Villager (Male) |
| 9:44 | Create | Villager (Male) |
| 10:02 | Research | Grand Trunk Road |
| 10:10 | Create | Villager (Male) |
| 10:10 | Create | Villager (Male) |
| 10:10 | Create | Villager (Male) |
| 10:11 | Create | Villager (Male) |
| 10:21 | Research | Tech 1623 |
| 10:21 | Research | Tech 1623 |
| 10:22 | Research | Tech 1623 |
| 10:22 | Research | Tech 1622 |
| 10:22 | Research | Tech 1622 |
| 10:23 | Research | Tech 1622 |
| 10:23 | Research | Tech 1622 |
| 10:24 | Research | Heavy Plow |
| 10:24 | Research | Heavy Plow |
| 10:24 | Research | Heavy Plow |
| 10:25 | Research | Heavy Plow |
| 10:38 | Build | Town Center |
| 10:51 | Build | Monastery |
| 11:31 | Research | Imperial Age |
| 11:31 | Research | Imperial Age |
| 11:31 | Research | Imperial Age |
| 11:48 | Create | Villager (Male) |
| 11:48 | Create | Villager (Male) |
| 11:48 | Create | Villager (Male) |
| 11:49 | Create | Villager (Male) |
| 11:49 | Create | Villager (Male) |
| 11:49 | Create | Villager (Male) |
| 11:50 | Create | Villager (Male) |
| 12:39 | Build | Town Center |
| 12:47 | Age | Imperial Age |
| 12:48 | Research | Wheelbarrow |
| 12:49 | Research | Wheelbarrow |
| 12:49 | Research | Wheelbarrow |
Build order — 田瘾犯了
First 150 of 402 actions detected
| 0:01 | Create | Villager (Male) |
| 0:01 | Create | Villager (Male) |
| 0:03 | Create | Villager (Male) |
| 0:03 | Create | Villager (Male) |
| 0:09 | Build | House |
| 0:10 | Build | Mill |
| 0:16 | Create | Villager (Male) |
| 0:16 | Create | Villager (Male) |
| 0:35 | Create | Villager (Male) |
| 0:41 | Build | Farm |
| 1:29 | Build | Lumber Camp |
| 1:44 | Build | Farm |
| 1:51 | Create | Villager (Male) |
| 2:12 | Build | Farm |
| 2:39 | Build | Farm |
| 2:41 | Create | Villager (Male) |
| 2:45 | Build | Farm |
| 2:59 | Build | Farm |
| 3:12 | Create | Villager (Male) |
| 3:22 | Build | Farm |
| 3:54 | Research | Feudal Age |
| 3:54 | Research | Feudal Age |
| 4:17 | Create | Villager (Male) |
| 4:19 | Create | Villager (Male) |
| 4:42 | Build | Farm |
| 4:47 | Age | Feudal Age |
| 4:47 | Research | Tech 1625 |
| 4:48 | Research | Tech 1625 |
| 4:48 | Research | Tech 1624 |
| 4:48 | Research | Horse Collar |
| 4:49 | Research | Horse Collar |
| 4:51 | Research | Double-Bit Axe |
| 4:51 | Research | Double-Bit Axe |
| 4:51 | Research | Tech 1687 |
| 4:52 | Research | Tech 1688 |
| 4:52 | Research | Tech 1688 |
| 5:16 | Build | Market |
| 5:20 | Research | Town Watch |
| 5:20 | Research | Tech 1612 |
| 5:21 | Research | Tech 1613 |
| 5:21 | Research | Tech 1613 |
| 5:23 | Create | Villager (Male) |
| 5:24 | Create | Villager (Male) |
| 6:07 | Build | Blacksmith |
| 6:14 | Create | Villager (Male) |
| 6:23 | Build | Farm |
| 6:31 | Build | Lumber Camp |
| 6:37 | Build | Farm |
| 6:44 | Create | Villager (Male) |
| 7:00 | Create | Villager (Male) |
| 7:01 | Create | Villager (Male) |
| 7:01 | Create | Villager (Male) |
| 7:31 | Research | Castle Age |
| 7:31 | Research | Castle Age |
| 8:12 | Build | Lumber Camp |
| 8:33 | Create | Villager (Male) |
| 8:35 | Age | Castle Age |
| 8:35 | Research | Bow Saw |
| 8:35 | Research | Tech 1691 |
| 8:36 | Research | Tech 1692 |
| 8:49 | Research | Tech 1623 |
| 8:50 | Research | Tech 1622 |
| 8:50 | Research | Tech 1622 |
| 8:50 | Research | Heavy Plow |
| 9:22 | Create | Villager (Male) |
| 9:24 | Create | Villager (Male) |
| 9:26 | Create | Villager (Male) |
| 9:31 | Build | House |
| 9:46 | Build | Castle |
| 9:59 | Create | Villager (Male) |
| 10:28 | Create | Villager (Male) |
| 11:00 | Research | Imperial Age |
| 11:00 | Research | Imperial Age |
| 11:15 | Create | Villager (Male) |
| 11:29 | Build | Town Center |
| 11:51 | Research | Wheelbarrow |
| 11:51 | Research | Wheelbarrow |
| 11:51 | Research | Tech 1699 |
| 11:52 | Research | Tech 1700 |
| 12:05 | Create | Villager (Male) |
| 12:06 | Create | Villager (Male) |
| 12:06 | Create | Villager (Male) |
| 12:07 | Create | Villager (Male) |
| 12:08 | Create | Villager (Male) |
| 12:08 | Create | Villager (Male) |
| 12:19 | Age | Imperial Age |
| 12:21 | Create | Trebuchet (Packed) |
| 13:15 | Create | Villager (Male) |
| 13:16 | Create | Villager (Male) |
| 13:17 | Research | Hand Cart |
| 13:28 | Create | Trebuchet (Packed) |
| 14:41 | Research | Loom |
| 14:41 | Research | Tech 1628 |
| 14:42 | Research | Tech 1629 |
| 14:42 | Research | Tech 1629 |
| 14:43 | Create | Villager (Male) |
| 14:43 | Create | Villager (Male) |
| 14:44 | Create | Villager (Male) |
| 14:50 | Build | Town Center |
| 15:10 | Build | Mill |
| 15:57 | Research | Tech 1715 |
| 15:57 | Research | Tech 1715 |
| 15:57 | Research | Tech 1716 |
| 16:11 | Build | Barracks |
| 16:19 | Build | Mining Camp |
| 16:46 | Build | Blacksmith |
| 16:46 | Build | Blacksmith |
| 16:46 | Build | Blacksmith |
| 16:48 | Research | Stone Mining |
| 16:49 | Research | Tech 1723 |
| 16:49 | Research | Tech 1723 |
| 16:49 | Research | Tech 1724 |
| 16:50 | Research | Tech 1724 |
| 16:51 | Research | Gold Mining |
| 16:51 | Research | Gold Mining |
| 16:51 | Research | Tech 1653 |
| 16:52 | Research | Conscription |
| 16:53 | Research | Tech 1733 |
| 16:53 | Research | Tech 1734 |
| 16:53 | Research | Tech 1734 |
| 16:54 | Research | Chivalry |
| 16:55 | Research | Tech 1786 |
| 16:55 | Research | Tech 1786 |
| 16:55 | Research | Tech 1786 |
| 16:55 | Research | Tech 1787 |
| 17:04 | Build | Stable |
| 17:05 | Build | Stable |
| 17:05 | Build | Stable |
| 17:05 | Build | Stable |
| 17:11 | Research | Fletching |
| 17:12 | Research | Tech 1681 |
| 17:12 | Research | Tech 1682 |
| 17:12 | Research | Tech 1682 |
| 17:24 | Research | Bodkin Arrow |
| 17:24 | Research | Bodkin Arrow |
| 17:25 | Research | Tech 1683 |
| 17:25 | Research | Tech 1683 |
| 17:26 | Research | Tech 1749 |
| 17:27 | Research | Tech 1750 |
| 17:27 | Research | Tech 1750 |
| 17:27 | Research | Husbandry |
| 17:34 | Research | Tech 1684 |
| 17:41 | Build | Donjon |
| 17:41 | Build | Donjon |
| 17:41 | Build | Donjon |
| 17:43 | Build | Donjon |
| 17:44 | Build | Donjon |
| 17:44 | Build | Donjon |
| 17:44 | Build | Donjon |
| 17:50 | Build | Mining Camp |
Match timeline
| 1:46 | Officer i cant breath · age_up feudal |
| 2:23 | majorleyendo · age_up feudal |
| 2:34 | Rita That One Væb Girl · age_up feudal |
| 2:44 | Beeveelution · age_up feudal |
| 3:16 | Officer i cant breath · first_market_sell 500 food |
| 3:29 | majorleyendo · first_market_sell 500 wood |
| 3:38 | majorleyendo · first_market_buy 100 food |
| 4:13 | Beeveelution · first_market_sell 100 wood |
| 4:13 | Officer i cant breath · first_building Barracks |
| 4:41 | Officer i cant breath · first_building Stable |
| 4:41 | aLEXt · age_up feudal |
| 4:46 | majorleyendo · age_up castle |
| 4:47 | 田瘾犯了 · age_up feudal |
| 4:48 | Officer i cant breath · age_up castle |
| 5:33 | Ye · age_up feudal |
| 5:41 | Beeveelution · age_up castle |
| 5:56 | 菜神 · age_up feudal |
| 5:57 | Officer i cant breath · first_building Siege Workshop |
| 6:04 | Officer i cant breath · first_building Monastery |
| 6:08 | Ye · first_market_sell 100 food |
| 6:09 | aLEXt · first_market_sell 500 stone |
| 6:22 | Rita That One Væb Girl · first_market_sell 500 wood |
| 6:45 | 田瘾犯了 · first_market_sell 100 wood |
| 7:31 | Rita That One Væb Girl · age_up castle |
| 7:35 | majorleyendo · first_building Siege Workshop |
| 7:42 | majorleyendo · first_building Monastery |
| 7:50 | Officer i cant breath · age_up imperial |
| 7:55 | 菜神 · first_market_sell 100 stone |
| 8:11 | Ye · age_up castle |
| 8:35 | 田瘾犯了 · age_up castle |
| 8:53 | Beeveelution · first_building Dock |
| 9:04 | 田瘾犯了 · tribute_sent a jugador 1 |
| 9:04 | 田瘾犯了 · tribute_sent a jugador 2 |
| 9:04 | 田瘾犯了 · tribute_sent a jugador 3 |
| 9:04 | 田瘾犯了 · tribute_sent a jugador 4 |
| 9:04 | 田瘾犯了 · tribute_sent a jugador 5 |
| 9:04 | 田瘾犯了 · tribute_sent a jugador 6 |
| 9:04 | 田瘾犯了 · tribute_sent a jugador 7 |
| 9:07 | majorleyendo · age_up imperial |
| 9:10 | 菜神 · age_up castle |
| 9:29 | 菜神 · first_building Castle |
| 9:37 | aLEXt · age_up castle |
| 9:43 | aLEXt · first_building Castle |
| 9:46 | 田瘾犯了 · first_building Castle |
| 10:12 | Beeveelution · first_building Siege Workshop |
| 10:32 | 田瘾犯了 · first_market_buy 500 stone |
| 10:41 | Ye · first_market_buy 500 stone |
| 10:51 | 菜神 · first_building Monastery |
| 11:00 | aLEXt · first_building Siege Workshop |
| 11:01 | Officer i cant breath · first_building Castle |
| 11:21 | Beeveelution · first_building Monastery |
| 11:23 | Ye · first_building Castle |
| 11:45 | Officer i cant breath · first_building Krepost |
| 11:48 | Rita That One Væb Girl · first_building Monastery |
| 11:59 | majorleyendo · first_building Castle |
| 12:05 | majorleyendo · first_building Barracks |
| 12:19 | 田瘾犯了 · age_up imperial |
| 12:25 | majorleyendo · first_building Archery Range |
| 12:27 | majorleyendo · first_building Stable |
| 12:27 | aLEXt · age_up imperial |
| 12:41 | Rita That One Væb Girl · first_market_buy 500 stone |
| 12:47 | 菜神 · age_up imperial |
| 12:51 | Rita That One Væb Girl · first_building Castle |
| 12:52 | aLEXt · first_market_buy 500 stone |
| 12:52 | Beeveelution · age_up imperial |
| 12:59 | Ye · age_up imperial |
| 13:22 | Beeveelution · first_market_buy 500 stone |
| 13:34 | 菜神 · first_building Siege Workshop |
| 13:48 | Rita That One Væb Girl · first_building Barracks |
| 14:55 | Rita That One Væb Girl · first_building Stable |
| 15:02 | Ye · wall_segment Stone Wall x4 |
| 15:14 | Ye · wall_segment Stone Wall x5 |
| 15:26 | Ye · first_building Siege Workshop |
| 15:29 | Ye · wall_segment Stone Wall x1 |
| 15:34 | aLEXt · tribute_sent a jugador 2 |
| 15:34 | aLEXt · tribute_sent a jugador 3 |
| 15:34 | aLEXt · tribute_sent a jugador 4 |
| 15:34 | aLEXt · tribute_sent a jugador 5 |
| 15:34 | aLEXt · tribute_sent a jugador 6 |
| 15:34 | aLEXt · tribute_sent a jugador 7 |
| 15:34 | aLEXt · tribute_sent a jugador 8 |
| 15:35 | Ye · wall_segment Stone Wall x1 |
| 15:41 | Rita That One Væb Girl · age_up imperial |
| 15:44 | Ye · wall_segment Stone Wall x8 |
| 15:50 | Beeveelution · first_building Castle |
| 15:52 | Ye · wall_segment Stone Wall x3 |
| 16:04 | Ye · wall_segment Stone Wall x5 |
| 16:11 | 田瘾犯了 · first_building Barracks |
| 16:15 | 菜神 · first_building Barracks |
| 16:16 | Ye · wall_segment Stone Wall x6 |
| 16:26 | Ye · wall_segment Stone Wall x3 |
| 16:51 | Ye · wall_segment Stone Wall x1 |
| 16:52 | 菜神 · first_building Stable |
| 16:55 | Ye · wall_segment Stone Wall x1 |
| 17:04 | 田瘾犯了 · first_building Stable |
| 17:41 | 田瘾犯了 · first_building Donjon |
| 18:49 | 菜神 · first_building Archery Range |
| 19:07 | aLEXt · first_building Donjon |
| 19:22 | Beeveelution · first_building Barracks |
| 23:07 | Beeveelution · first_building Archery Range |
| 23:42 | aLEXt · first_building Stable |
| 24:01 | 田瘾犯了 · first_building Monastery |
| 24:32 | 田瘾犯了 · first_building Dock |
| 26:03 | 菜神 · first_market_buy 100 food |
| 27:22 | Rita That One Væb Girl · first_building Siege Workshop |
| 27:44 | 菜神 · first_building Donjon |
| 28:42 | aLEXt · wall_segment Stone Wall x5 |
| 28:47 | 田瘾犯了 · resign |
[ AI ANALYSIS · 1 CREDIT ]
What really happened in this match?
Wolo.gg analyzes every decision: build order, eco, micro, common mistakes by bracket. Personalized analysis on WhatsApp or Discord in 30 seconds.
Civ guide
Vikings
Perfil
Jugador #4347447